 Dungeon Crawl Stone Soup version 0.30.0-5-g1a98f26d00 (webtiles) character file.

Game seed: 15959598328171552379

1020 qeuew the Covered (level 8, -1/69 HPs)
             Began as a Minotaur Fighter on May 12, 2023.
             Slain by a centaur
             ... wielding the +7 quarterstaff of True Grit {freeze, rN+}
              (4 damage)
             ... on level 5 of the Dungeon.
             The game lasted 00:03:21 (3129 turns).

qeuew the Covered (Minotaur Fighter)                Turns: 3129, Time: 00:03:22

Health: -1/69      AC:  7    Str: 20    XL:     8   Next: 2%
Magic:  7/7        EV: 11    Int:  5    God:
Gold:   286        SH:  6    Dex: 13    Spells: 7/7 levels left

rFire   . . .        a - +0 war axe
rCold   . . .        c - +1 buckler
rNeg    . . .        b - +0 scale mail
rPois   .            (helmet restricted)
rElec   .            (no cloak)
rCorr   .            (no gloves)
SInv    .            (no boots)
Will    .....        (no amulet) Stlth
                     q - +4 ring of slaying
HPRegen 0.31/turn    (no ring)
MPRegen 0.10/turn

%: no passive effects
@: no status effects
A: horns 2, retaliatory headbutt
a: no special abilities


You were on level 5 of the Dungeon.
You visited 1 branch of the dungeon, and saw 5 of its levels.

You collected 286 gold pieces.

Inventory:

Hand Weapons
 a - a +0 war axe (weapon)
Armour
 b - a +0 scale mail (worn)
 c - a +1 buckler (worn)
Jewellery
 o - a ring of protection from fire
 q - a +4 ring of slaying (left hand)
Wands
 f - a wand of flame (8)
 k - a wand of roots (9)
Scrolls
 j - 3 scrolls of identify
 l - a scroll of amnesia
 m - a scroll of teleportation
Potions
 d - a potion of might
 e - 2 potions of haste
 g - a potion of cancellation
 h - a potion of magic {unknown}
 i - a potion of invisibility
 n - a potion of mutation
 p - 8 potions of curing


   Skills:
 + Level 5.5 Fighting
 + Level 4.9 Axes
 * Level 7.3 Armour
 + Level 3.6 Dodging
 + Level 5.6 Shields
 + Level 1.9 Evocations


You had 7 spell levels left.
You didn't know any spells.
Your spell library contained the following spells:

 Spells                   Type           Power      Damage    Failure   Level
 Sandblast                Erth           0%         2d4       86%         1
 Lesser Beckoning         Tloc           0%         N/A       94%         2
 Passwall                 Tmut/Erth      0%         N/A       94%         2
 Gell's Gravitas          Tloc           0%         N/A       99%         3
 Stone Arrow              Conj/Erth      0%         3d7       99%         3
 Teleport Other           Tloc           0%         N/A       99%         3


Dungeon Overview and Level Annotations

Branches:
Dungeon (5/15)
 Temple: D:4-7

Altars:
Vehumet

Shops:
D:5 =


Innate Abilities, Weirdness & Mutations

You have a pair of horns on your head.
You reflexively headbutt those who attack you in melee.


Message History

You are too injured to fight recklessly!
You are too injured to fight recklessly!
You are too injured to fight recklessly!
You are too injured to fight recklessly!
You are too injured to fight recklessly!
You are too injured to fight recklessly!
You are too injured to fight recklessly!
You are too injured to fight recklessly!
You are too injured to fight recklessly!
You are too injured to fight recklessly!
You are too injured to fight recklessly!
You are too injured to fight recklessly!
Unknown command.
You hit the orc warrior.
The orc warrior is severely wounded.
The orc warrior hits you with a +0 long sword.
Unknown command.
You hit the orc warrior.
The orc warrior is almost dead.
The orc priest looks satisfied for a moment.
The orc warrior hits you with a +0 long sword.
Unknown command.
You slash the orc warrior!
You kill the orc warrior!
The centaur unwields a +0 shortbow.
The centaur wields the +7 quarterstaff of True Grit {freeze, rN+}.
It glows with a cold blue light!
The centaur hits you with the +7 quarterstaff of True Grit {freeze, rN+}!
* * * LOW HITPOINT WARNING * * *
The centaur freezes you.
* * * LOW HITPOINT WARNING * * *
The centaur closely misses you.
You have reached level 8!
You feel agile.
You hit the centaur.
The centaur is moderately wounded.
The centaur hits you with the +7 quarterstaff of True Grit {freeze, rN+}!
* * * LOW HITPOINT WARNING * * *
The centaur freezes you.
You die...

.......#..#### ##.##...#
.#.....#.....###.....###
...##....###.>.....#######
##.##......).............#
......#.#.###.###.######.#
...####.#..##.##.## ##
#..# #.##.## #.###..# #...
#.# .. #.#)..# ... ..# ###
##@# .. ### #.#co# .. ##
o.... .. ..(.... .###..#
#. .# # #


You could see a centaur, an orc priest and an orc.

Vanquished Creatures
  A black bear (D:5)
  An ice beast (D:4)
  An orc warrior (D:5)
  A centaur (D:5)
  A kobold brigand (D:5)
  4 scorpions
  A howler monkey (D:5)
  A jelly (D:4)
  3 iguanas
  An orc wizard (D:5)
  10 adders
  An ufetubus (D:5)
  5 dart slugs
  7 orcs
  2 ball pythons (D:4)
  6 endoplasms
  8 giant cockroaches
  8 goblins
  7 hobgoblins
  13 kobolds
  5 quokkas
  5 bats
  A frilled lizard (D:1)
  4 rats
97 creatures vanquished.

Notes
Turn   | Place    | Note
-------+----------+-------------------------------------------
     0 | D:1      | qeuew the Minotaur Fighter began the quest for the Orb.
     0 | D:1      | Reached XP level 1. HP: 19/19 MP: 0/0
   416 | D:1      | Reached XP level 2. HP: 27/27 MP: 1/1
   450 | D:1      | Reached skill level 4 in Armour
  1023 | D:2      | Reached XP level 3. HP: 33/33 MP: 2/2
  1089 | D:2      | Reached skill level 1 in Dodging
  1511 | D:2      | Reached XP level 4. HP: 40/40 MP: 3/3
  2202 | D:4      | Reached skill level 5 in Armour
  2245 | D:4      | Noticed an ice beast
  2249 | D:4      | Killed an ice beast
  2250 | D:4      | Reached XP level 5. HP: 47/47 MP: 4/4
  2304 | D:4      | Reached XP level 6. HP: 48/53 MP: 5/5
  2534 | D:4      | Found a radiant altar of Vehumet.
  2556 | D:4      | Reached skill level 6 in Armour
  2735 | D:5      | Entered Level 5 of the Dungeon
  2739 | D:5      | Reached skill level 5 in Shields
  2774 | D:5      | Reached skill level 5 in Fighting
  2774 | D:5      | Reached XP level 7. HP: 48/61 MP: 6/6
  2934 | D:5      | Reached skill level 1 in Evocations
  2934 | D:5      | Found Tujuc's Jewellery Emporium.
  3070 | D:5      | Reached skill level 7 in Armour
  3116 | D:5      | Identified the +7 quarterstaff of True Grit {freeze, rN+}
  3129 | D:5      | Reached XP level 8. HP: 11/69 MP: 7/7
  3129 | D:5      | HP: 3/69 [centaur/the +7 quarterstaff of True Grit {freeze,
                  | rN+} (8)]
  3129 | D:5      | Slain by a centaur

Illustrated notes

Levels and vault maps discovered:
D:1:      kilobyte_arrival_exit_the_forest, layout_loops_ring, serial_bayou,
          serial_bayou_shore_a, serial_bayou_lake_a, serial_bayou_shore_b,
          serial_bayou_crossing, minmay_heptomino_h4
D:2:      layout_loops_ring, nrook_uturn
D:3:      layout_rooms
D:4:      layout_rooms, nicolae_overflow_crystal_walls
D:5:      layout_rooms, serial_shops, nicolae_shop_gaudy_bauble,
          guppyfry_early_orc_mine, uniq_crazy_yiuf_cottage

Skill      XL: |  1  2  3  4  5  6  7 |
---------------+----------------------+-----
Armour         | 4 5 6 7 |  7.3
Shields        | 4 5 |  5.6
Dodging        | 1 2 3 |  3.6
Axes           | 3 4 |  4.9
Fighting       | 4 5 |  5.5
Evocations     | 1 |  1.9

Action                     |  1- 3 |  4- 6 |  7- 9 || total
---------------------------+-------+-------+-------++-------
  Melee: War axe           |    75 |    70 |    42 ||   187
         Headbutt          |     6 |    11 |     9 ||    26
    Use: Potion            |     2 |     4 |       ||     6
         Scroll            |     1 |    13 |       ||    14
 Armour: Scale mail        |    44 |    40 |    12 ||    96
  Dodge: Dodged            |    25 |    50 |    15 ||    90
  Block: Buckler           |    17 |    30 |    16 ||    63
